 Dungeon Crawl Stone Soup version 0.20-a0-211-g4a6ff27 (webtiles) character file.

525 poiuyt0418 the Slasher (level 7, -1/61 HPs)
             Began as a Minotaur Monk on Nov 24, 2016.
             Killed from afar by an orc wizard (8 damage)
             ... with a magic dart
             ... on level 5 of the Dungeon.
             The game lasted 00:04:59 (3493 turns).

poiuyt0418 the Slasher (Minotaur Monk)              Turns: 3493, Time: 00:04:59

Health: -1/61      AC:  6    Str: 15    XL:     7   Next: 2%
Magic:  6/6        EV: 13    Int:  7    God:
Gold:   256        SH:  0    Dex: 15    Spells: 6/6 levels left

rFire  . . .     SeeInvis .     a - +1 falchion
rCold  . . .     Gourm    .     i - +0 ring mail
rNeg   . . .     Faith    .     (no shield)
rPois  .         Spirit   .     (helmet restricted)
rElec  .         Reflect  .     (no cloak)
rCorr  .         Harm     .     (no gloves)
MR     .....                    j - +0 pair of boots
Stlth  +.........               (no amulet)
                                (no ring)
                                (no ring)

@: slowed, very slow
A: retaliatory headbutt, horns 2
a: no special abilities


You were on level 5 of the Dungeon.
You were not hungry.

You visited 1 branch of the dungeon, and saw 5 of its levels.

You collected 256 gold pieces.

Inventory:

Hand Weapons
 a - a +1 falchion (weapon)
Armour
 i - a +0 ring mail (worn)
 j - a +0 pair of boots (worn)
Scrolls
 e - 3 scrolls of remove curse
 f - a scroll of teleportation
 g - a scroll of magic mapping {unknown}
 k - a scroll of recharging {unknown}
 l - a scroll of fear {unknown}
 m - a scroll of identify {unknown}
 p - a scroll of enchant weapon
Potions
 d - a potion of magic
 n - a potion of berserk rage {unknown}
Comestibles
 c - 4 bread rations
 h - 2 meat rations


   Skills:
 + Level 5.2 Fighting
 + Level 7.0 Long Blades
 * Level 3.6 Armour
 + Level 4.6 Dodging
 - Level 1.5 Stealth


You had 6 spell levels left.
You didn't know any spells.

Dungeon Overview and Level Annotations

Branches:
Dungeon (5/15)
 Temple: D:4-7

Altars:
Elyvilon
Hepliaklqana
Qazlal


Innate Abilities, Weirdness & Mutations

You reflexively headbutt those who attack you in melee.
You have a pair of horns on your head.


Message History

The orc wizard is almost dead.
Something hits you.
* * * LOW HITPOINT WARNING * * *
The orc wizard closely misses you. Something hits you but does no damage.
You hit the orc wizard but do no damage.
The orc wizard is almost dead.
The orc wizard barely misses you.
The orc wizard hits you but does no damage.
Something completely misses you.
You hit the orc wizard but do no damage.
The orc wizard is almost dead.
The orc wizard hits you with a dagger.
* * * LOW HITPOINT WARNING * * *
Something hits you but does no damage.
The orc wizard gestures wildly while chanting.
The orc wizard blinks!
You hear some strange, mumbled words.
A magic dart appears from out of thin air!
The magic dart hits you!
You die...

..# #.# ... ### #.#
#.. ..? #.# #o#
##+## #.# #o#
##...## #.###)#
#.....## #.#.{@#
.......## #...###
........####...##
...)<)).'.......#
.....)).####.......#
......)## ##.#.#.##
#...<.## .###.#.#
##...## # #.#.#
##+## #.##


You could see an orc wizard and an orc.

Vanquished Creatures
  An ogre (D:4)
  3 orc wizards
  2 orc priests (D:5)
  3 worker ants (D:4)
  4 gnolls (D:3)
  9 adders
  An ooze (D:4)
  An adder skeleton (D:4)
  3 worms (D:3)
  4 dart slugs
  A leopard gecko (D:3)
  11 orcs
  6 bats
  5 giant cockroaches
  3 hobgoblins
  5 jackals
  4 kobolds
  3 quokkas
  4 frilled lizards
  6 goblins
  A leopard gecko skeleton (D:4)
  6 rats
86 creatures vanquished.

Notes
Turn   | Place    | Note
-------+----------+-------------------------------------------
     0 | D:1      | poiuyt0418 the Minotaur Monk began the quest for the Orb.
     0 | D:1      | Reached XP level 1. HP: 19/19 MP: 0/0
   104 | D:1      | Reached XP level 2. HP: 27/27 MP: 1/1
   465 | D:2      | Reached skill level 4 in Long Blades
   502 | D:2      | Reached XP level 3. HP: 32/33 MP: 2/2
  1263 | D:2      | Reached skill level 1 in Armour
  1450 | D:3      | Reached XP level 4. HP: 41/41 MP: 3/3
  1497 | D:3      | Reached skill level 5 in Long Blades
  1673 | D:3      | Found a white marble altar of Elyvilon.
  1912 | D:3      | Reached XP level 5. HP: 47/47 MP: 4/4
  2575 | D:4      | Reached XP level 6. HP: 46/53 MP: 5/5
  2618 | D:4      | Found a stormy altar of Qazlal.
  2648 | D:4      | Reached skill level 6 in Long Blades
  2810 | D:4      | Reached skill level 5 in Fighting
  2905 | D:4      | Found a hazy altar of Hepliaklqana.
  3209 | D:5      | Entered Level 5 of the Dungeon
  3486 | D:5      | Reached skill level 7 in Long Blades
  3486 | D:5      | Reached XP level 7. HP: 10/61 MP: 6/6
  3493 | D:5      | Killed from afar by an orc wizard

Vault maps used:
D:1:      mrwooster_arrival_statue_2
D:2:      first_bread
D:3:      nicolae_overflow_crystal_walls
D:4:      kennysheep_little_box, grunt_qazlal_clouds, due_unseen_surprise
D:5:      old_standard_altar, lemuel_round_altar, xom_butterflies

Skill      XL: |  1  2  3  4  5  6 |
---------------+-------------------+-----
Fighting       | 4 5 |  5.2
Long Blades    | 4 5 7 |  7.0
Armour         | 1 2 3 |  3.6
Dodging        | 4 |  4.6
Stealth        | |  1.5

Action                   |  1- 3 |  4- 6 |  7- 9 || total
-------------------------+-------+-------+-------++-------
Melee: Falchion          |    50 |   145 |     4 ||   199
       Headbutt          |    14 |    35 |       ||    49
  Use: Scroll            |       |     3 |       ||     3
       Potion            |       |     1 |     2 ||     3
 Stab: Sleeping          |     5 |     1 |       ||     6
  Eat: Chunk             |     1 |     7 |       ||     8
Armor: Robe              |     5 |       |       ||     5
       Ring mail         |     2 |    60 |     7 ||    69
Dodge: Dodged            |    50 |    98 |     5 ||   153
       Rpst.: Falchion   |    16 |    25 |     2 ||    43
